 Dungeon Crawl Stone Soup version 0.31-a0-174-g85c54bcb58 (webtiles) character file.

Game seed: 16462750394946873143

170 Dittersdorf the Shield-Bearer (level 5, -4/34 HPs)
             Began as a Gargoyle Fighter on June 15, 2023.
             Slain by an orc
             ... wielding a +0 war axe
              (9 damage)
             ... on level 3 of the Dungeon.
             The game lasted 00:03:03 (2011 turns).

Dittersdorf the Shield-Bearer (Gargoyle Fighter)    Turns: 2011, Time: 00:03:03

Health: -4/34      AC: 13    Str: 22    XL:     5   Next: 51%
Magic:  5/5        EV:  8    Int:  8    God:
Gold:   194        SH:  4    Dex:  9    Spells: 4/4 levels left

rFire   . . .        a - +0 flail
rCold   . . .        c - +0 buckler
rNeg    + . .        l - +0 chain mail
rPois   ∞            (no helmet)
rElec   +            (no cloak)
rCorr   .            (no gloves)
SInv    +            (no boots)
Will    .....        (no amulet) Stlth
                     f - ring of see invisible
HPRegen 0.25/turn    (no ring)
MPRegen 0.09/turn

%: no passive effects
@: no status effects
A: sickness immunity, AC +4, negative energy resistance 1, electricity
resistance, torment resistance 1, petrification resistance
a: no special abilities


You were on level 3 of the Dungeon.
You visited 1 branch of the dungeon, and saw 3 of its levels.

You collected 194 gold pieces.

Inventory:

Hand Weapons
 a - a +0 flail (weapon)
Missiles
 m - 4 poisoned darts
Armour
 c - a +0 buckler (worn)
 l - a +0 chain mail (worn)
Jewellery
 f - a ring of see invisible (left hand)
 n - a ring of resist corrosion
Scrolls
 b - a scroll of revelation {unknown}
 e - a scroll of torment {unknown}
 h - 3 scrolls of teleportation {unknown}
 i - 2 scrolls of identify {unknown}
 j - a scroll of amnesia {unknown}
Potions
 d - 3 potions of might
 g - 2 potions of curing {unknown}
 k - 3 potions of heal wounds {unknown}
 o - a potion of attraction {unknown}


   Skills:
 + Level 4.3 Fighting
 + Level 3.1 Maces & Flails
 + Level 4.3 Armour
 + Level 4.3 Shields


You had 4 spell levels left.
You didn't know any spells.
Your spell library contained the following spells:

 Spells                   Type           Power      Damage    Failure   Level
 Lesser Beckoning         Tloc           0%         N/A       99%         2
 Gell's Gravitas          Tloc           0%         N/A       100%        3
 Teleport Other           Tloc           0%         N/A       100%        3


Dungeon Overview and Level Annotations

Branches:
Dungeon (3/15)

Altars:
Hepliaklqana
Vehumet


Innate Abilities, Weirdness & Mutations

You are immune to sickness and miasma.
Your stone body is resilient. (AC +4)
You are immune to poison.
You resist negative energy. (rN+)
You are resistant to electric shocks. (rElec)
You are resistant to unholy torment.
You are immune to petrification.


Message History

The orc hits you with a +0 war axe. You block the orc priest's attack.
The orc barely misses you.
You barely miss the orc priest.
The orc priest is almost dead.
You block the orc's attack.
The orc priest hits you with a +0 dagger.
The orc barely misses you. The orc hits you with a +0 war axe.
The orc priest hits you but does no damage.
The orc hits you but does no damage.
You are too injured to fight recklessly!
You are too injured to fight recklessly!
You are too injured to fight recklessly!
You are too injured to fight recklessly!
You are too injured to fight recklessly!
You are too injured to fight recklessly!
You are too injured to fight recklessly!
You are too injured to fight recklessly!
You are too injured to fight recklessly!
You are too injured to fight recklessly!
You are too injured to fight recklessly!
You are too injured to fight recklessly!
You are too injured to fight recklessly!
You are too injured to fight recklessly!
You are too injured to fight recklessly!
You are too injured to fight recklessly!
You are too injured to fight recklessly!
You are too injured to fight recklessly!
You are too injured to fight recklessly!
You closely miss the orc priest.
The orc priest is almost dead.
The orc hits you with a +0 war axe!
* * * LOW HITPOINT WARNING * * *
The orc priest mumbles some strange prayers to Beogh against you.
Pain shoots through your body!
* * * LOW HITPOINT WARNING * * *
The orc hits you but does no damage.
You sock the orc priest!
You kill the orc priest!
The orc hits you with a +0 war axe!
You die...

###########.#.##..
#.............##.#
#.######.........#
#.# #.####.#..#
#.# #.# #.#..# #.#
#.# #.#..# #.# #.#
#..... #.# #.#
##...# #@#
##.####....# #oo)#
#...##.....#
#.....#
#.#.........
#.....#
#...##......
#.....#
##.####....#
##...## #.# ##.#.#
##.## #.# #.#..
#(# #.# #.#.. #.#
#.#..


You could see 2 orcs.

Vanquished Creatures
  An orc priest (D:3)
  A gnoll bouda (D:2)
  4 gnolls
  3 adders (D:2)
  2 worms (D:2)
  3 dart slugs
  An orc (D:2)
  6 ball pythons
  6 bats
  6 endoplasms
  2 giant cockroaches (D:1)
  5 goblins
  6 hobgoblins
  4 quokkas
  A frilled lizard (D:1)
  8 kobolds
  5 rats
64 creatures vanquished.

Notes
Turn   | Place    | Note
-------+----------+-------------------------------------------
     0 | D:1      | Dittersdorf the Gargoyle Fighter began the quest for the
                  | Orb.
     0 | D:1      | Reached XP level 1. HP: 14/14 MP: 1/1
   105 | D:1      | Reached XP level 2. HP: 19/19 MP: 2/2
   567 | D:1      | Reached XP level 3. HP: 23/23 MP: 3/3
   663 | D:2      | Reached XP level 4. HP: 21/29 MP: 4/4
   780 | D:2      | Found a radiant altar of Vehumet.
  1093 | D:3      | Found a faded altar of an unknown god.
  1575 | D:2      | Reached XP level 5. HP: 13/33 MP: 5/5
  1847 | D:3      | Found a hazy altar of Hepliaklqana.
  2011 | D:3      | Slain by an orc

Illustrated notes

Levels and vault maps discovered:
D:1:      dreamdust_arrival_beginning_and_end, layout_basic,
          serial_bayou_lagoon_a
D:2:      layout_rooms, basic_altar
D:3:      layout_loops_ring, nicolae_hepliaklqana_hazy_memory,
          nicolae_ecumenical_pavilion

Skill      XL: |  1  2  3  4 |
---------------+-------------+-----
Shields        | 4 |  4.3
Fighting       | 4 |  4.3
Armour         | 4 |  4.3
Maces & Flails | 3 |  3.1

Action                     |  1- 3 |  4- 6 || total
---------------------------+-------+-------++-------
  Melee: Flail             |    96 |   141 ||   237
 Armour: Scale mail        |    81 |    36 ||   117
         Chain mail        |       |    47 ||    47
  Dodge: Dodged            |    76 |    73 ||   149
  Block: Buckler           |    23 |    38 ||    61

Table legend: (Time is in decaauts)
 A = Elapsed time spent in this place.
 B = Non-inter-level travel time spent in this place.
 C = Inter-level travel time spent in this place.
 D = Time resting spent in this place.
 E = Time spent auto-exploring this place.
 F = Levels seen in this place.
 G = Mean time per level.
                   A        B        C        D        E       F      G
               +--------+--------+--------+--------+--------+-----+--------+
         Total |   2097 |   2032 |     65 |    183 |   1223 |   3 |  699.0 |
       Dungeon |   2097 |   2032 |     65 |    183 |   1223 |   3 |  699.0 |
               +--------+--------+--------+--------+--------+-----+--------+

Top non-repeatable levels by time:
     D:3: 785 daAuts
     D:2: 674 daAuts
     D:1: 637 daAuts
